APL (24 & UNDER)
SAVANNAH HOGS @ KENOSHA KINGFISH
06/20/2029
 
TOP OF THE 1ST
Savannah Hogs batting - Pitching for Kenosha Kingfish : RHP Raúl Cruz
Pitching: RHP Raúl Cruz
Batting: LHB Alberto Castellanos 0-0: Foul Ball, location: 2F
0-1: Ball
1-1: Foul Ball, location: 2F
1-2: Ball
2-2: Ground out 6-3 (Groundball, 6)
Batting: RHB Pedro Zavala 0-0: Ball
1-0: SINGLE (Groundball, 6MD)
Batting: RHB José Ramos 0-0: Ball
1-0: Ball
2-0: Ball
3-0: Base on Balls
Pedro Zavala to second
Batting: RHB Rick Holman 0-0: Ball
1-0: Ball
2-0: Ball
3-0: Foul Ball, location: 2F
3-1: Swinging Strike
3-2: Grounds into double play, 6-4-3 (Groundball, 6)
Top of the 1st over - 0 runs, 1 hit, 0 errors, 1 left on base; Savannah 0 - Kenosha 0
BOTTOM OF THE 1ST
Kenosha Kingfish batting - Pitching for Savannah Hogs : LHP Cristo Rodríguez
Pitching: LHP Cristo Rodríguez
Batting: RHB Ron Campbell 0-0: Ball
1-0: Ball
2-0: Swinging Strike
2-1: Foul Ball, location: 2F
2-2: Foul Ball, location: 2F
2-2: Ball
3-2: Ground out 5-3 (Groundball, 5)
Batting: RHB Pepe González 0-0: Ball
1-0: Hit by Pitch
Batting: RHB Rubén Hernández 0-0: Fly out, F8 (Flyball, 78XD)
Batting: RHB Juan Escalante 0-0: Called Strike
0-1: Ball
1-1: Fielders Choice at 2nd, 5-4 (Groundball, 56)
Bottom of the 1st over - 0 runs, 0 hits, 0 errors, 1 left on base; Savannah 0 - Kenosha 0
TOP OF THE 2ND
Savannah Hogs batting - Pitching for Kenosha Kingfish : RHP Raúl Cruz
Batting: SHB Juan Soriano 0-0: Ball
1-0: Ball
2-0: Foul Ball, location: 2F
2-1: Ground out U3 (Groundball, 34S)
Batting: RHB Jorge Chávez 0-0: Ball
1-0: Foul Ball, location: 2F
1-1: Ball
2-1: Ball
3-1: Base on Balls
Batting: SHB Juan Chávez 0-0: Ball
Jorge Chávez is caught stealing 2nd base
1-0: Ball
2-0: Foul Ball, location: 2F
2-1: Ball
3-1: Ground out 3-1 (Groundball, 34S)
Top of the 2nd over - 0 runs, 0 hits, 0 errors, 0 left on base; Savannah 0 - Kenosha 0
BOTTOM OF THE 2ND
Kenosha Kingfish batting - Pitching for Savannah Hogs : LHP Cristo Rodríguez
Batting: LHB Marvin MacGruder 0-0: Swinging Strike
0-1: Foul Ball, location: 2F
0-2: SINGLE (Line Drive, 78S)
Batting: SHB José Ayala 0-0: Called Strike
0-1: Ball
1-1: Ball
2-1: SINGLE (Groundball, 34D)
Marvin MacGruder to second
Runner from 2nd tries for 3rd, SAFE, no throw
Batting: LHB Justin McCoy 0-0: Foul Ball, location: 2F
0-1: Foul Ball, location: 2F
0-2: Foul Ball, location: 2F
0-2: Ball
1-2: Fly out, F8 (Flyball, 8LD)
Runner from 3rd tags up, SCORES, throw made
Batting: RHB Warren Strathbogie 0-0: Called Strike
0-1: Called Strike
0-2: Strikes out swinging
Batting: LHB Josh Peterson 0-0: Ball
1-0: Ground out 4-3 (Groundball, 4)
Bottom of the 2nd over - 1 run, 2 hits, 0 errors, 1 left on base; Savannah 0 - Kenosha 1
TOP OF THE 3RD
Savannah Hogs batting - Pitching for Kenosha Kingfish : RHP Raúl Cruz
Batting: RHB Guillermo González 0-0: Ball
1-0: Ball
2-0: Ball
3-0: Base on Balls
Batting: RHB Júlio Contreras 0-0: Ball
1-0: Called Strike
1-1: Swinging Strike
1-2: Ball
2-2: Strikes out swinging
Batting: LHB Alberto Castellanos 0-0: Ball
1-0: Fly out, F9 (Flyball, 89M)
Batting: RHB Pedro Zavala 0-0: Ball
1-0: Foul Ball, location: 2F
1-1: Ball
2-1: Foul Ball, location: 2F
2-2: Foul Ball, location: 2F
2-2: Strikes out swinging, 2-3 out at first.
Top of the 3rd over - 0 runs, 0 hits, 0 errors, 1 left on base; Savannah 0 - Kenosha 1
BOTTOM OF THE 3RD
Kenosha Kingfish batting - Pitching for Savannah Hogs : LHP Cristo Rodríguez
Batting: RHB Ron Campbell 0-0: Ground out 1-3 (Groundball, P)
Batting: RHB Pepe González 0-0: Foul Ball, location: 2F
0-1: Ball
1-1: Ball
2-1: Ball
3-1: Base on Balls
Batting: RHB Rubén Hernández 0-0: Foul Ball, location: 2F
0-1: Ball
1-1: Called Strike
1-2: Grounds into double play, 5-4-3 (Groundball, 5L)
Bottom of the 3rd over - 0 runs, 0 hits, 0 errors, 0 left on base; Savannah 0 - Kenosha 1
TOP OF THE 4TH
Savannah Hogs batting - Pitching for Kenosha Kingfish : RHP Raúl Cruz
Batting: RHB José Ramos 0-0: Called Strike
0-1: Ball
1-1: Foul Ball, location: 2F
1-2: Ball
2-2: Ball
3-2: Ground out 5-3 (Groundball, 56S)
Batting: RHB Rick Holman 0-0: Ball
1-0: Foul Ball, location: 2F
1-1: Swinging Strike
1-2: Strikes out looking
Batting: SHB Juan Soriano 0-0: Called Strike
0-1: SINGLE (Groundball, 4D)
Batting: RHB Jorge Chávez 0-0: Ball
1-0: Foul Ball, location: 2F
1-1: Fielders Choice at 2nd, 6-4 (Groundball, 56)
Top of the 4th over - 0 runs, 1 hit, 0 errors, 1 left on base; Savannah 0 - Kenosha 1
BOTTOM OF THE 4TH
Kenosha Kingfish batting - Pitching for Savannah Hogs : LHP Cristo Rodríguez
Batting: RHB Juan Escalante 0-0: Called Strike
0-1: Called Strike
0-2: Ball
1-2: SOLO HOME RUN (Flyball, 9LD), Distance : 342 ft
Batting: LHB Marvin MacGruder 0-0: Ball
1-0: Ball
2-0: Called Strike
2-1: Called Strike
2-2: Ball
3-2: Foul Ball, location: 2F
3-2: Fly out, F4 (Flyball, 34D)
Batting: SHB José Ayala 0-0: Called Strike
0-1: Foul Ball, location: 2F
0-2: Hit by Pitch
Batting: LHB Justin McCoy 0-0: Swinging Strike
0-1: Ball
1-1: SINGLE (Flyball, 89M)
José Ayala to second
Batting: RHB Warren Strathbogie 0-0: Called Strike
0-1: Swinging Strike
0-2: Ball
1-2: Ball
2-2: Strikes out swinging
Batting: LHB Josh Peterson 0-0: Ball
1-0: Foul Ball, location: 2F
1-1: Foul Ball, location: 2F
1-2: Foul Ball, location: 2F
1-2: Strikes out swinging
Bottom of the 4th over - 1 run, 2 hits, 0 errors, 2 left on base; Savannah 0 - Kenosha 2
TOP OF THE 5TH
Savannah Hogs batting - Pitching for Kenosha Kingfish : RHP Raúl Cruz
Batting: SHB Juan Chávez 0-0: Ball
1-0: Called Strike
1-1: Foul Ball, location: 2F
1-2: Ball
2-2: Strikes out looking
Batting: RHB Guillermo González 0-0: SINGLE (Groundball, 5L) (infield hit)
Batting: RHB Júlio Contreras 0-0: Ball
1-0: Ball
2-0: Fly out, F9 (Line Drive, 89D)
Batting: LHB Alberto Castellanos 0-0: Called Strike
0-1: Ball
1-1: Ball
2-1: Ball
3-1: Base on Balls
Guillermo González to second
Batting: RHB Pedro Zavala 0-0: Called Strike
0-1: Foul Ball, location: 2F
0-2: Fly out, F6 (Popup, 6MD)
Top of the 5th over - 0 runs, 1 hit, 0 errors, 2 left on base; Savannah 0 - Kenosha 2
BOTTOM OF THE 5TH
Kenosha Kingfish batting - Pitching for Savannah Hogs : LHP Cristo Rodríguez
Batting: RHB Ron Campbell 0-0: Foul Ball, location: 2F
0-1: Ball
1-1: SINGLE (Flyball, 7LS)
Batting: RHB Pepe González 0-0: Swinging Strike
0-1: Ball
1-1: Ball
2-1: Ball
3-1: Foul Ball, location: 2F
3-2: Base on Balls
Ron Campbell to second
Batting: RHB Rubén Hernández 0-0: Called Strike
0-1: Ball
1-1: Called Strike
1-2: Strikes out swinging
Batting: RHB Juan Escalante 0-0: Swinging Strike
0-1: Foul Ball, location: 2F
0-2: Fly out, F9 (Flyball, 89M)
Batting: LHB Marvin MacGruder 0-0: Ball
1-0: Called Strike
1-1: Ball
2-1: DOUBLE (Line Drive, 9LS)
Ron Campbell scores
Pepe González to third
Runner from 3rd tries for Home, throw and OUT!
Bottom of the 5th over - 1 run, 2 hits, 0 errors, 1 left on base; Savannah 0 - Kenosha 3
TOP OF THE 6TH
Savannah Hogs batting - Pitching for Kenosha Kingfish : RHP Raúl Cruz
Batting: RHB José Ramos 0-0: Called Strike
0-1: Ball
1-1: Ground out 4-3 (Groundball, 4M)
Batting: RHB Rick Holman 0-0: Foul Ball, location: 2F
0-1: Foul Ball, location: 2F
0-2: Ball
1-2: Strikes out swinging
Batting: SHB Juan Soriano 0-0: Swinging Strike
0-1: Ball
1-1: Foul Ball, location: 2F
1-2: Strikes out swinging
Top of the 6th over - 0 runs, 0 hits, 0 errors, 0 left on base; Savannah 0 - Kenosha 3
BOTTOM OF THE 6TH
Kenosha Kingfish batting - Pitching for Savannah Hogs : LHP Cristo Rodríguez
Batting: SHB José Ayala 0-0: Called Strike
0-1: Ground out 4-3 (Groundball, 4M)
Batting: LHB Justin McCoy 0-0: Called Strike
0-1: Ground out U3 (Groundball, 3D)
Batting: RHB Warren Strathbogie 0-0: Ball
1-0: Called Strike
1-1: Hit by Pitch
Batting: LHB Josh Peterson 0-0: Ball
1-0: Called Strike
1-1: Called Strike
1-2: Ball
2-2: Ground out 5-3 (Groundball, 56)
Bottom of the 6th over - 0 runs, 0 hits, 0 errors, 1 left on base; Savannah 0 - Kenosha 3
TOP OF THE 7TH
Savannah Hogs batting - Pitching for Kenosha Kingfish : RHP Raúl Cruz
Batting: RHB Jorge Chávez 0-0: Ball
1-0: Ball
2-0: Ball
3-0: Base on Balls
Batting: SHB Juan Chávez 0-0: Ball
1-0: Ball
2-0: Foul Ball, location: 2F
2-1: Fly out, F9 (Flyball, 9D)
Batting: RHB Guillermo González 0-0: Called Strike
Jorge Chávez steals 2nd base
0-1: Called Strike
0-2: Strikes out swinging
Pitching: RHP Ed Weaver
Batting: RHB Júlio Contreras 0-0: Ball
1-0: Ball
2-0: Foul Ball, location: 2F
2-1: Swinging Strike
2-2: Strikes out swinging
Top of the 7th over - 0 runs, 0 hits, 0 errors, 1 left on base; Savannah 0 - Kenosha 3
BOTTOM OF THE 7TH
Kenosha Kingfish batting - Pitching for Savannah Hogs : LHP Cristo Rodríguez
Pitching: LHP Ricardo Rosário
Batting: RHB Ron Campbell 0-0: Ball
1-0: Called Strike
1-1: Ball
2-1: Ball
3-1: Ground out 4-3 (Groundball, 4D)
Batting: RHB Pepe González 0-0: Called Strike
0-1: Called Strike
0-2: Ball
1-2: Foul Ball, location: 2F
1-2: Foul Ball, location: 2F
1-2: Ball
2-2: Ball
3-2: Base on Balls
Batting: RHB Rubén Hernández 0-0: Ball
1-0: Ball
2-0: Foul Ball, location: 2F
2-1: Ball
3-1: Base on Balls
Pepe González to second
Batting: RHB Juan Escalante 0-0: Foul Ball, location: 2F
0-1: Swinging Strike
0-2: Ball
1-2: Ball
2-2: Ball
3-2: Foul Ball, location: 2F
3-2: Grounds into double play, 5-4-3 (Groundball, 56)
Bottom of the 7th over - 0 runs, 0 hits, 0 errors, 1 left on base; Savannah 0 - Kenosha 3
TOP OF THE 8TH
Savannah Hogs batting - Pitching for Kenosha Kingfish : RHP Ed Weaver
Batting: LHB Alberto Castellanos 0-0: Called Strike
0-1: Foul Ball, location: 2F
0-2: Strikes out swinging, 2-3 out at first.
Batting: RHB Pedro Zavala 0-0: Fly out, F7 (Flyball, 78D)
Batting: RHB José Ramos 0-0: Called Strike
0-1: Ball
1-1: Ground out 6-3 (Groundball, 6)
Top of the 8th over - 0 runs, 0 hits, 0 errors, 0 left on base; Savannah 0 - Kenosha 3
BOTTOM OF THE 8TH
Kenosha Kingfish batting - Pitching for Savannah Hogs : LHP Ricardo Rosário
Batting: LHB Marvin MacGruder 0-0: Ball
1-0: Foul Ball, location: 2F
1-1: Ground out 5-3 (Groundball, 56)
Batting: SHB José Ayala 0-0: Called Strike
0-1: Called Strike
0-2: Foul Ball, location: 2F
0-2: Ball
1-2: Strikes out looking
Batting: LHB Justin McCoy 0-0: Ball
1-0: Ball
2-0: Foul Ball, location: 2F
2-1: SINGLE (Flyball, 89M)
Batting: RHB Warren Strathbogie 0-0: Called Strike
0-1: Ball
1-1: Ball
Justin McCoy is caught stealing 2nd base
Bottom of the 8th over - 0 runs, 1 hit, 0 errors, 0 left on base; Savannah 0 - Kenosha 3
TOP OF THE 9TH
Savannah Hogs batting - Pitching for Kenosha Kingfish : RHP Ed Weaver
Batting: RHB Rick Holman 0-0: Ball
1-0: Ball
2-0: Called Strike
2-1: Ball
3-1: Swinging Strike
3-2: Strikes out swinging
Batting: SHB Juan Soriano 0-0: Fly out, F9 (Flyball, 89D)
Batting: RHB Jorge Chávez 0-0: Ball
1-0: Ball
2-0: Swinging Strike
2-1: SINGLE (Flyball, 89S)
Batting: SHB Juan Chávez 0-0: Foul Ball, location: 2F
0-1: Swinging Strike
0-2: Ball
1-2: Foul Ball, location: 2F
1-2: Ball
2-2: Foul Ball, location: 2F
2-2: SINGLE (Groundball, 56) (infield hit)
Jorge Chávez to second
Pinch Hitting: LHB António Gutiérrez 0-0: Called Strike
0-1: Ball
1-1: Reaches on Catchers interference
Jorge Chávez to third
Juan Chávez to second
Pinch Hitting: RHB Orlando Márquez 0-0: Called Strike
0-1: Foul Ball, location: 2F
0-2: Ball
1-2: Foul Ball, location: 2F
1-2: Strikes out swinging
Top of the 9th over - 0 runs, 2 hits, 1 error, 3 left on base; Savannah 0 - Kenosha 3
Saturday, December 16th, 2017 - OOTP Baseball 18.8 Build 76